 Dungeon Crawl Stone Soup version 0.29.1-15-g9cfb28693d (webtiles) character file.

Game seed: 7492886832458321423

478 LLlMATKO the Trooper (level 6, -1/54 (56) HPs)
             Began as a Minotaur Berserker on Apr 19, 2023.
             Was a Believer of Trog.
             Slain by a necrophage (5 damage)
             ... in a sewer.
             The game lasted 00:03:53 (2854 turns).

LLlMATKO the Trooper (Minotaur Berserker)           Turns: 2854, Time: 00:03:54

HP:   -1/54 (56)    AC:  7    Str: 21    XL:     6   Next: 85%
MP:   5/5           EV: 12    Int:  4    God:    Trog [**....]
Gold: 139           SH:  0    Dex: 12    Spells: 5/5 levels left

rFire   . . .      SeeInvis .   a - +0 hand axe
rCold   . . .      Faith    .   (no shield)
rNeg    . . .      Spirit   .   f - +0 ring mail
rPois   .          Reflect  .   (helmet restricted)
rElec   .          Harm     .   (no cloak)
rCorr   .          Rampage  .   (no gloves)
Will    .....                   l - +0 pair of boots
Stlth   +.........              (no amulet)
HPRegen 0.18/turn               (no ring)
MPRegen 0.09/turn               (no ring)

@: on berserk cooldown, slowed, lightly drained, very slow
A: horns 2, retaliatory headbutt
a: Renounce Religion, Berserk, Trog's Hand


You were in a sewer.
You worshipped Trog.
Trog was pleased with you.
You visited 1 branch of the dungeon, and saw 3 of its levels.
You also visited: Sewer.

You collected 139 gold pieces.

Inventory:

Hand Weapons
 a - a +0 hand axe (weapon)
 e - a +0 sling
 i - a +0 short sword of venom
 k - a +4 whip of venom
Missiles
 b - 5 poisoned darts
 j - 23 stones (quivered)
Armour
 f - a +0 ring mail (worn)
 l - a +0 pair of boots (worn)
Scrolls
 d - a scroll of fog
 h - 3 scrolls of identify
Potions
 g - a potion of heal wounds {unknown}


   Skills:
 + Level 5.3 Fighting
 + Level 5.2 Axes
 + Level 3.1 Ranged Weapons
 + Level 4.5 Armour
 + Level 4.1 Dodging


You had 5 spell levels left.
You didn't know any spells.
Your spell library was empty.

Dungeon Overview and Level Annotations

Branches:
Dungeon (3/15)              Sewer (1/1)

Altars:

Shops:
D:1 (


Innate Abilities, Weirdness & Mutations

You have a pair of horns on your head.
You reflexively headbutt those who attack you in melee.


Message History

Trog accepts your kill.
You hit the ball python.
You kill the ball python!
Trog accepts your kill. The shadow imp misses you.
You slash the shadow imp! Your headbutt misses the shadow imp.
The shadow imp is severely wounded.
The shadow imp hits you but does no damage.
Unknown command.
You hit the shadow imp.
You kill the shadow imp!
Trog accepts your kill.
Unknown command.
You closely miss the kobold. The kobold hits you with a +0 club.
* * * LOW HITPOINT WARNING * * *
The kobold barely misses you. You furiously retaliate!
You headbutt the kobold!
You kill the kobold!
Trog accepts your kill.
Unknown command.
Things that are here:
a +0 club; a +0 whip; a kobold corpse
Things that are here:
a +0 whip; a +0 short sword; a +0 whip
There is an open door here.
You closely miss the necrophage.
The necrophage hits you but does no damage.
The necrophage barely misses you. You furiously retaliate!
You headbutt the necrophage! You completely miss the necrophage.
The necrophage is heavily damaged.
The necrophage hits you.
* * * LOW HITPOINT WARNING * * *
You feel drained.
* * * LOW HITPOINT WARNING * * *
You hit the necrophage but do no damage.
Your headbutt misses the necrophage.
The necrophage is heavily damaged.
The necrophage hits you but does no damage.
The necrophage hits you.
You die...

≈≈≈≈≈~#...#≈≈≈≈≈≈#
≈≈≈≈≈≈#...≈≈≈≈≈≈≈#
≈≈≈≈≈≈#...#≈≈≈≈≈≈#
≈≈≈≈≈≈≈...#~≈≈≈≈≈#
≈≈≈≈≈.#...#~≈≈≈≈≈#
≈≈~≈~.).≈.).≈≈≈≈≈#
~~~...#≈≈≈#..~~..#
......#≈≈~#...)))#
'#######≈#######@#
...#.).)n.#
.......≈~≈~.#
≈#...#≈≈≈~~≈#
####'######### #.
.5


K You could see a necrophage.

Vanquished Creatures
  Grinder (D:3)
  A kobold brigand (Sewer)
  7 adders
  7 shadow imps (Sewer)
  2 ufetubi (Sewer)
  3 worms (D:2)
  A dart slug (D:1)
  2 orcs (D:3)
  2 bats
  5 endoplasms (D:1)
  6 giant cockroaches
  3 goblins
  3 hobgoblins (D:3)
  3 quokkas
  8 ball pythons
  4 frilled lizards
  21 kobolds
  3 rats (D:1)
82 creatures vanquished.

Notes
Turn   | Place    | Note
-------+----------+-------------------------------------------
     0 | D:1      | LLlMATKO the Minotaur Berserker began the quest for the
                  | Orb.
     0 | D:1      | Reached XP level 1. HP: 19/19 MP: 0/0
   147 | D:1      | Found Iqal's Antique Weapon Shoppe.
   150 | D:1      | Reached XP level 2. HP: 27/27 MP: 1/1
  1094 | D:2      | Reached XP level 3. HP: 32/33 MP: 2/2
  1260 | D:2      | Reached ** piety under Trog
  1261 | D:2      | Reached skill level 1 in Ranged Weapons
  1453 | D:2      | Reached XP level 4. HP: 28/40 MP: 3/3
  2029 | D:3      | Noticed Grinder
  2210 | D:3      | Killed Grinder
  2211 | D:3      | Reached XP level 5. HP: 22/47 MP: 4/4
  2211 | D:3      | Reached XP level 6. HP: 26/55 MP: 5/5
  2519 | D:3      | Found a glowing drain.
  2527 | D:3      | Reached skill level 5 in Fighting
  2538 | Sewer    | Entered a sewer
  2542 | Sewer    | Reached skill level 5 in Axes
  2854 | Sewer    | Slain by a necrophage

Illustrated notes

Levels and vault maps discovered:
D:1:      lightli_molten_gateway, layout_basic, serial_shops, shop
D:2:      layout_rooms
D:3:      layout_loops_ring, gup_sewer_entry_glass,
          chequers_ecumenical_altar_grove, minmay_misc_feat_x,
          saegor_snake_ambush, uniq_grinder, uniq_crazy_yiuf_cottage
Sewer:    kennysheep_sewer_church

Skill      XL: |  1  2  3  4  5  6 |
---------------+-------------------+-----
Fighting       | 4 5 |  5.3
Axes           | 4 5 |  5.2
Armour         | 3 4 |  4.5
Ranged Weapons | 1 2 3 |  3.1
Dodging        | 3 4 |  4.1

Action                   |  1- 3 |  4- 6 || total
-------------------------+-------+-------++-------
Melee: Hand axe          |    76 |   124 ||   200
       Headbutt          |    10 |    17 ||    27
Throw: Stone             |       |     1 ||     1
Invok: Berserk           |     2 |     4 ||     6
  Use: Scroll            |       |     4 ||     4
       Potion            |       |     1 ||     1
Armor: Animal skin       |     9 |     5 ||    14
       Ring mail         |       |    32 ||    32
Dodge: Dodged            |    41 |    81 ||   122
